 Dungeon Crawl Stone Soup version 0.31.0-11-ge490571c62 (webtiles) character file.

Game seed: 6036992457211482920

19 qw the Shooter (level 2, -2/14 HPs)
             Began as a Spriggan Hunter on Feb 3, 2024.
             Succumbed to their own poison gas
             ... on level 1 of the Dungeon.
             The game lasted 00:00:01 (611 turns).

qw the Shooter (Spriggan Hunter)                     Turns: 611, Time: 00:00:02

Health: -2/14      AC:  2    Str:  7    XL:     2   Next: 55%
Magic:  3/3        EV: 19    Int: 10    God:
Gold:   48         SH:  0    Dex: 18    Spells: 1/1 levels left

rFire   . . .        a - +0 shortbow (heavy)
rCold   . . .        (shield currently unavailable)
rNeg    . . .        c - +0 robe
rPois   .            (helmet restricted)
rElec   .            (no cloak)
rCorr   .            (gloves unavailable)
SInv    +            (boots unavailable)
Will    .....        (no amulet)
Stlth   ++           (no ring)
HPRegen 0.22/turn    (no ring)
MPRegen 0.08/turn

%: no passive effects
@: lethally poisoned (-2 -> -12), very quick
A: very small, no large weapons, unfitting armour, see invisible, speed 3
a: no special abilities


You were on level 1 of the Dungeon.
You visited 1 branch of the dungeon, and saw 1 of its levels.

You collected 48 gold pieces.


Innate Abilities, Weirdness & Mutations

You are very small and have problems with some larger weapons.
You are too small for most types of armour.
You have supernaturally acute eyesight. (SInv)
You cover ground extremely quickly. (Speed+++)


   Skills:
 - Level 1.5 Fighting
 + Level 4.2 Ranged Weapons
 - Level 4.0 Dodging
 - Level 1.5 Stealth


You had one spell level left.
You didn't know any spells.
Your spell library was empty.

Inventory:

Hand Weapons
 a - a +0 heavy shortbow (weapon)
Armour
 c - a +0 robe (worn)

Dungeon Overview and Level Annotations

Branches:
Dungeon (1/15)

Altars:


Message History

The air fills with toxic fumes!
As you read the scroll labelled RUP EZIAXU, it crumbles to dust.
It was a scroll of poison.
Done exploring.
602 ||| READING scroll labelled RIEFFU LYIMUNU.
As you read the scroll labelled RIEFFU LYIMUNU, it crumbles to dust.
It is a scroll of brand weapon.
602 ||| BRANDING +0 shortbow.
Your +0 shortbow becomes incredibly heavy!
a - a +0 heavy shortbow (weapon)
Done exploring.
603 ||| DROPPING scroll of butterflies.
You drop a scroll of butterflies.
Done exploring.
What level of the Dungeon? (default 1, ? - help) Sorry, I don't know how to get there.
Enter note:
Enter note:
Enter note:
Enter note:
Enter note:
Enter note: You are engulfed in poison gas.
You are poisoned.
You feel sick.
605 ||| Stepping ~*~*~tactically~*~*~ (cloud).
You feel sick.
You see here a scroll of butterflies.
606 ||| DRINKING potion of curing.
You feel better.
606 ||| (to cure poison)
You are engulfed in poison gas.
You are lethally poisoned!
You feel very sick.
608 ||| Stepping ~*~*~tactically~*~*~ (cloud).
You feel sick.
You see here a scroll of butterflies.
There is a lethal amount of poison in your body!
You feel very sick.
There is a lethal amount of poison in your body!
You feel very sick.
There is a lethal amount of poison in your body!
You die...

#.##.# #.# #####.###.######.#####
#.##.# #.#######.###.### #......
#.##.# #.######¤¤0##)######.#####
#.##.# #.######¤¤0¤...........#
#.##.###.######¤00##.##.#...#.#
.........#######00##.##...#.#.#
..##.###.#######0¤#...........#
..##.###.#######00#.###...##..#
.........0¤0¤00¤@0#.####.###..#
..##[###..######¤##.####.# #.%#
..##.# #..######0##.####.# #..#
..##.###..######¤##.####.###..#
......##...>...¤¤¤............#
.....%##.#######¤##..###.##...###
..###.##.......¤0##..###.##......
..# #.##.#####.000.......##....##
..###.##.# #.###.#.######....#


There were no monsters in sight!

Vanquished Creatures
  2 dart slugs (D:1)
  An endoplasm (D:1)
  A giant cockroach (D:1)
  A goblin (D:1)
  2 hobgoblins (D:1)
  3 kobolds (D:1)
  A quokka (D:1)
  A ball python (D:1)
  A frilled lizard (D:1)
  2 rats (D:1)
15 creatures vanquished.

Notes
Turn   | Place    | Note
-------+----------+-------------------------------------------
     0 | D:1      | qw the Spriggan Hunter began the quest for the Orb.
     0 | D:1      | Reached XP level 1. HP: 10/10 MP: 2/2
     0 | D:1      | 0 ||| qw: Version: 0.3-a-157-g843a77d
     0 | D:1      | 0 ||| qw: Game counter: 3596
     0 | D:1      | 0 ||| qw: Melee chars always use a shield: true
     0 | D:1      | 0 ||| qw: God list: Okawaru
     0 | D:1      | 0 ||| qw: Allow faded altars: false
     0 | D:1      | 0 ||| qw: Do Orc after clearing Dungeon:15 true
     0 | D:1      | 0 ||| qw: Do second Lair branch before Depths: true
     0 | D:1      | 0 ||| qw: Lair rune preference: random
     0 | D:1      | 0 ||| qw: Goals: Normal
     0 | D:1      | 0 ||| PLANNING D:1-11
   112 | D:1      | Reached skill level 3 in Dodging
   150 | D:1      | Reached XP level 2. HP: 14/14 MP: 3/3
   599 | D:1      | 599 ||| READING scroll labelled VUDIONIYKI.
   600 | D:1      | 600 ||| READING scroll labelled DAGIDI LISEIRU.
   600 | D:1      | 600 ||| IDENTIFYING amethyst potion
   601 | D:1      | 601 ||| READING scroll labelled RUP EZIAXU.
   602 | D:1      | 602 ||| READING scroll labelled RIEFFU LYIMUNU.
   602 | D:1      | 602 ||| BRANDING +0 shortbow.
   603 | D:1      | 603 ||| DROPPING scroll of butterflies.
   605 | D:1      | 605 ||| Stepping ~*~*~tactically~*~*~ (cloud).
   606 | D:1      | 606 ||| DRINKING potion of curing.
   606 | D:1      | 606 ||| (to cure poison)
   608 | D:1      | 608 ||| Stepping ~*~*~tactically~*~*~ (cloud).
   610 | D:1      | HP: 1/14 [poisoned by you (poison gas)]
   611 | D:1      | Succumbed to their own poison gas

Levels and vault maps discovered:
D:1:      minmay_arrival_doors, layout_loops_ring, minmay_pentomino_t2

Skill      XL: |  1  2 |
---------------+-------+-----
Dodging        | 3 4 |  4.0
Fighting       | |  1.5
Ranged Weapons | |  4.2
Stealth        | |  1.5

Action                     || total
---------------------------++-------
   Fire: Shortbow          ||    30
    Use: Scroll            ||     4
         Potion            ||     1
 Armour: Robe              ||     3

Table legend:
 A = Non-vault XP
 B = Vault XP
 C = Vault XP percentage of total XP
 D = Non-vault monster count
 E = Vault monster count
 F = Vault count percentage of total count
                 A         B        C        D         E       F
            +---------+---------+-------+---------+---------+-------
      Total |      22 |       6 |  21.4 |      13 |       2 |  13.3
            +---------+---------+-------+---------+---------+-------
        D:1 |      22 |       6 |  21.4 |      13 |       2 |  13.3
            +---------+---------+-------+---------+---------+-------
